| Goals | Penalties |
1. Wolf Pack , Ivan Miroshnichenko 11 (Brian Pinho 6, Carl Grundstrom 16) at 13:29
|
Devin Kaplan (NYR) for Tripping (Minor) at 4:33
|
No Goal
|
Juha Jaaska (PHI) for Interference (Minor) at 5:43 Grant Hutton (PHI) for Tripping (Minor) at 13:47 Tobie Bisson (NYR) for High sticking (Minor) at 17:08
|
2. Phantoms , Juha Jaaska 8 (Lukas Rousek 8, Dylan Roobroeck 5) at 1:03
3. Wolf Pack , Michael Pezzetta 8 (Carl Grundstrom 17, Oskar Back 20) at 3:17
4. Wolf Pack , Michael Pezzetta 9 (Oskar Back 21) at 3:53 (PP)
5. Wolf Pack , Dalibor Dvorsky 5 (Zac Jones 17, Reid Schaefer 5) at 10:01
6. Phantoms , Juha Jaaska 9 (Lukas Rousek 9, Steven Santini 7) at 10:09
|
Juha Jaaska (PHI) for Slashing (Minor) at 3:40
|
|
Felix Sandström (PHI), 35 saves from 39 shots - (0,897), L, 2-1-0, 60:00 minutes
Alex Lyon (NYR), 27 saves from 29 shots - (0,931), W, 17-4-2, 60:00 minutes
|
|
1 - Michael Pezzetta (NYR)
2 - Ivan Miroshnichenko (NYR)
3 - Dalibor Dvorsky (NYR)
|
Referees : Mitch Dunning and Stephen Hiff
Linesman : Bryan Pancich and Trent Knorr
|
|
| No Game Note
|
| Team Name |
Goals |
Shots |
Shots Attemp |
Shots Blocked |
PIM |
HIT |
PP |
PK |
FO% |
| Phantoms |
2 | 29 | 59 | 12 | 6 | 23 | 0 / 2 (0%) | 1 | 44% |
| Wolf Pack |
4 | 39 | 72 | 10 | 4 | 20 | 1 / 3 (33%) | 0 | 56% |
Phantoms
| Player Name |
POS |
G |
A |
P |
+/- |
PIM |
HIT |
SHT |
SB |
MP |
PP MP |
PP SHT |
PK MP |
PK SHT |
FO% |
FOT |
GA |
TA |
| Chase Wouters | C | 0 | 0 | 0 | 0 | 0 | 1 | 5 | 1 | 14:39 | 0:09 | 0 | 0:00 | 0 | 71% |
7 | 0 | 0 |
| Cole Reinhardt | LW | 0 | 0 | 0 | 0 | 0 | 0 | 3 | 0 | 15:44 | 0:00 | 0 | 1:26 | 0 | 0% |
0 | 1 | 0 |
| Curtis Douglas | C | 0 | 0 | 0 | 0 | 0 | 5 | 3 | 0 | 20:05 | 2:03 | 0 | 0:53 | 0 | 60% |
10 | 0 | 1 |
| Djibril Touré | D | 0 | 0 | 0 | 0 | 0 | 2 | 0 | 2 | 17:56 | 1:23 | 0 | 1:40 | 0 | 0% |
0 | 0 | 1 |
| Dylan Roobroeck | C | 0 | 1 | 1 | -1 | 0 | 2 | 1 | 1 | 22:15 | 1:49 | 0 | 1:58 | 0 | 32% |
34 | 0 | 0 |
| Grant Gabriele | D | 0 | 0 | 0 | 0 | 0 | 0 | 0 | 0 | 0:12 | 0:00 | 0 | 0:00 | 0 | 0% |
0 | 0 | 0 |
| Grant Hutton | D | 0 | 0 | 0 | 0 | 2 | 0 | 0 | 1 | 17:05 | 1:23 | 0 | 0:55 | 0 | 0% |
0 | 0 | 0 |
| Jeremie Bucheler | D | 0 | 0 | 0 | 0 | 0 | 0 | 0 | 0 | 5:47 | 0:00 | 0 | 0:00 | 0 | 0% |
0 | 0 | 0 |
| Joe Fleming | D | 0 | 0 | 0 | 0 | 0 | 0 | 0 | 0 | 5:47 | 0:00 | 0 | 0:00 | 0 | 0% |
0 | 0 | 0 |
| Jordan Martel | RW | 0 | 0 | 0 | 0 | 0 | 2 | 3 | 0 | 19:19 | 2:03 | 0 | 0:00 | 0 | 0% |
1 | 0 | 0 |
| Josh Prokop | RW | 0 | 0 | 0 | 0 | 0 | 1 | 1 | 1 | 14:48 | 0:06 | 0 | 0:00 | 0 | 0% |
0 | 0 | 0 |
| Juha Jaaska | LW | 2 | 0 | 2 | -1 | 4 | 3 | 4 | 0 | 22:55 | 1:49 | 1 | 1:11 | 0 | 60% |
5 | 0 | 0 |
| Lukas Rousek | RW | 0 | 2 | 2 | -1 | 0 | 2 | 6 | 2 | 23:58 | 1:49 | 1 | 2:21 | 0 | 0% |
0 | 0 | 1 |
| Max McCormick | LW | 0 | 0 | 0 | 0 | 0 | 2 | 2 | 0 | 20:51 | 2:03 | 0 | 0:33 | 0 | 0% |
0 | 1 | 0 |
| Ryan Jones | D | 0 | 0 | 0 | 0 | 0 | 0 | 0 | 0 | 11:26 | 0:00 | 0 | 0:00 | 0 | 0% |
0 | 0 | 1 |
| Seth Helgeson | D | 0 | 0 | 0 | 0 | 0 | 0 | 0 | 1 | 13:17 | 0:03 | 0 | 0:45 | 0 | 0% |
0 | 0 | 1 |
| Steven Santini | D | 0 | 1 | 1 | -1 | 0 | 2 | 0 | 1 | 24:51 | 2:35 | 0 | 2:31 | 0 | 0% |
0 | 0 | 1 |
| Wyatte Wylie | D | 0 | 0 | 0 | -1 | 0 | 1 | 1 | 2 | 24:51 | 2:35 | 1 | 2:31 | 0 | 0% |
0 | 0 | 0 |
Wolf Pack
| Player Name |
POS |
G |
A |
P |
+/- |
PIM |
HIT |
SHT |
SB |
MP |
PP MP |
PP SHT |
PK MP |
PK SHT |
FO% |
FOT |
GA |
TA |
| Brian Pinho | C/LW/RW | 0 | 1 | 1 | 1 | 0 | 4 | 2 | 0 | 17:43 | 1:49 | 2 | 1:27 | 0 | 50% |
12 | 0 | 0 |
| Carl Grundstrom | RW | 0 | 2 | 2 | 0 | 0 | 2 | 8 | 0 | 19:57 | 2:22 | 2 | 0:00 | 0 | 33% |
3 | 0 | 0 |
| Dalibor Dvorsky | RW | 1 | 0 | 1 | 1 | 0 | 0 | 1 | 0 | 15:59 | 1:49 | 0 | 0:00 | 0 | 100% |
1 | 0 | 0 |
| Devin Kaplan | RW | 0 | 0 | 0 | 0 | 2 | 2 | 2 | 0 | 11:47 | 0:00 | 0 | 0:00 | 0 | 0% |
1 | 0 | 0 |
| Gustav Lindström | D | 0 | 0 | 0 | 1 | 0 | 2 | 3 | 4 | 26:44 | 2:55 | 0 | 2:21 | 0 | 0% |
0 | 0 | 0 |
| Ivan Miroshnichenko | LW/RW | 1 | 0 | 1 | 1 | 0 | 0 | 2 | 1 | 17:38 | 1:49 | 0 | 1:27 | 0 | 0% |
1 | 1 | 0 |
| Jack Millar | D | 0 | 0 | 0 | 0 | 0 | 0 | 0 | 0 | 14:26 | 0:00 | 0 | 0:00 | 0 | 0% |
0 | 0 | 0 |
| Logan Brown | C | 0 | 0 | 0 | 0 | 0 | 1 | 0 | 0 | 11:39 | 0:00 | 0 | 0:15 | 0 | 0% |
2 | 0 | 0 |
| Luke Rowe | D | 0 | 0 | 0 | 0 | 0 | 1 | 2 | 0 | 15:05 | 0:00 | 0 | 0:39 | 0 | 0% |
0 | 0 | 0 |
| Mark Friedman | D | 0 | 0 | 0 | 0 | 0 | 1 | 1 | 1 | 18:50 | 1:16 | 0 | 1:37 | 0 | 0% |
0 | 1 | 0 |
| Michael Pezzetta | LW | 2 | 0 | 2 | 0 | 0 | 1 | 5 | 1 | 22:33 | 2:22 | 1 | 2:28 | 0 | 0% |
0 | 1 | 0 |
| Oskar Back | C | 0 | 2 | 2 | 0 | 0 | 1 | 6 | 1 | 22:22 | 2:22 | 1 | 2:16 | 0 | 73% |
33 | 1 | 1 |
| Reid Schaefer | LW | 0 | 1 | 1 | 0 | 0 | 1 | 0 | 0 | 8:10 | 0:00 | 0 | 0:03 | 0 | 0% |
1 | 0 | 0 |
| Ryder Korczak | C | 0 | 0 | 0 | 0 | 0 | 0 | 1 | 0 | 8:07 | 0:00 | 0 | 0:00 | 0 | 0% |
3 | 0 | 0 |
| Taylor Ward | RW | 0 | 0 | 0 | 0 | 0 | 1 | 0 | 0 | 8:31 | 0:00 | 0 | 0:00 | 0 | 0% |
0 | 1 | 0 |
| Tobie Bisson | D | 0 | 0 | 0 | 0 | 2 | 2 | 1 | 0 | 18:21 | 1:16 | 0 | 0:58 | 0 | 0% |
0 | 0 | 0 |
| William Stromgren | LW | 0 | 0 | 0 | 0 | 0 | 1 | 3 | 0 | 11:24 | 0:00 | 0 | 0:00 | 0 | 0% |
0 | 1 | 0 |
| Zac Jones | D | 0 | 1 | 1 | 1 | 0 | 0 | 2 | 2 | 26:44 | 2:55 | 0 | 2:21 | 0 | 0% |
0 | 0 | 1 |
Phantoms
| 5 vs 5 Forward |
|---|
| Line # | Left Wing | Center | Right Wing | PHY | DF | OF | Wanted % | Time % | Time Play |
| 1 | Juha Jaaska | Dylan Roobroeck | Lukas Rousek | 1 | 2 | 2 | 40 | 36% | 18:52
|
| 2 | Max McCormick | Curtis Douglas | Jordan Martel | 1 | 2 | 2 | 30 | 34% | 17:37
|
| 3 | Cole Reinhardt | Chase Wouters | Josh Prokop | 1 | 2 | 2 | 20 | 26% | 13:44
|
| 4 | Lukas Rousek | Juha Jaaska | Max McCormick | 1 | 2 | 2 | 10 | 3% | 1:38
|
| 5 vs 5 Defense |
|---|
| Line # | Defense | Defense | | PHY | DF | OF | Wanted % | Time % | Time Play |
| 1 | Steven Santini | Wyatte Wylie | | 1 | 2 | 2 | 40 | 38% | 19:45
|
| 2 | Grant Hutton | Djibril Touré | | 1 | 2 | 2 | 30 | 29% | 14:53
|
| 3 | Seth Helgeson | Ryan Jones | | 1 | 2 | 2 | 20 | 22% | 11:26
|
| 4 | Joe Fleming | Jeremie Bucheler | | 1 | 2 | 2 | 10 | 11% | 5:47
|
| Power Play Forward |
|---|
| Line # | Left Wing | Center | Right Wing | PHY | DF | OF | Wanted % | Time % | Time Play |
| 1 | Juha Jaaska | Dylan Roobroeck | Lukas Rousek | 1 | 2 | 2 | 60 | 48% | 1:55
|
| 2 | Max McCormick | Curtis Douglas | Jordan Martel | 1 | 2 | 2 | 40 | 52% | 2:03
|
| Power Play Defense |
|---|
| Line # | Defense | Defense | | PHY | DF | OF | Wanted % | Time % | Time Play |
| 1 | Steven Santini | Wyatte Wylie | | 1 | 2 | 2 | 60 | 65% | 2:35
|
| 2 | Grant Hutton | Djibril Touré | | 1 | 2 | 2 | 40 | 35% | 1:23
|
| Penalty Kill 4 Players Forward |
|---|
| Line # | Center | Wing | PHY | DF | OF | Wanted % | Time % | Time Play |
| 1 | Juha Jaaska | Lukas Rousek | 1 | 2 | 2 | 60 | 87% | 3:38
|
| 2 | Max McCormick | Cole Reinhardt | 1 | 2 | 2 | 40 | 13% | 0:33
|
| Penalty Kill 4 Players Defense |
|---|
| Line # | Defense | Defense | PHY | DF | OF | Wanted % | Time % | Time Play |
| 1 | Steven Santini | Wyatte Wylie | 1 | 2 | 2 | 60 | 60% | 2:31
|
| 2 | Grant Hutton | Djibril Touré | 1 | 2 | 2 | 40 | 40% | 1:40
|
| Penalty Kill 3 Players |
|---|
| Line # | Wing | PHY | DF | OF | Wanted % | Time % | Time Play | Defense | Defense | PHY | DF | OF | Wanted % | Time % | Time Play |
| 1 | Juha Jaaska | 1 | 2 | 2 | 60 | 0% | 0:00
| Steven Santini | Wyatte Wylie | 1 | 2 | 2 | 60 | 0% | 0:00
|
| 2 | Lukas Rousek | 1 | 2 | 2 | 40 | 0% | 0:00
| Grant Hutton | Djibril Touré | 1 | 2 | 2 | 40 | 0% | 0:00
|
| 4 vs 4 Forward |
|---|
| Line # | Center | Wing | PHY | DF | OF | Wanted % | Time % | Time Play |
| 1 | Juha Jaaska | Lukas Rousek | 1 | 2 | 2 | 60 | 0% | 0:00
|
| 2 | Max McCormick | Cole Reinhardt | 1 | 2 | 2 | 40 | 0% | 0:00
|
| 4 vs 4 Defense |
|---|
| Line # | Defense | | PHY | DF | OF | Wanted % | Time % | Time Play |
| 1 | Steven Santini | Wyatte Wylie | 1 | 2 | 2 | 60 | 0% | 0:00
|
| 2 | Grant Hutton | Djibril Touré | 1 | 2 | 2 | 40 | 0% | 0:00
|
| Last Minutes Offensive |
|---|
| Left Wing | Center | Right Wing | Defense | Defense |
| Juha Jaaska | Dylan Roobroeck | Lukas Rousek | Steven Santini | Wyatte Wylie |
| Last Minutes Defensive |
|---|
| Left Wing | Center | Right Wing | Defense | Defense |
| Juha Jaaska | Dylan Roobroeck | Lukas Rousek | Steven Santini | Wyatte Wylie |
| Time |
|---|
| Total Forward | Total Defense | Last Minutes Offensive | Last Minutes Defensive |
| 60:00 |
60:00 |
0:00 | 0:00 |
| Extra Forwards |
|---|
| Normal | PowerPlay | Penalty Kill |
|
Chase Wouters, Josh Prokop, Dylan Roobroeck | Chase Wouters, Josh Prokop | Dylan Roobroeck |
| Extra Defensemen |
|---|
| Normal | PowerPlay | Penalty Kill |
|
Grant Gabriele, Seth Helgeson, Ryan Jones | Grant Gabriele, Seth Helgeson | Ryan Jones |
| Penalty Shots |
|---|
|
Juha Jaaska, Lukas Rousek, Max McCormick, Cole Reinhardt, Dylan Roobroeck |
| Goalie |
|---|
| Felix Sandström, Malcolm Subban |
| Scratches |
|---|
|
Jackson van de Leest (Left Foot Injury), Keaton Mastrodonato (Healthy), Sam Bitten (Healthy), Stefan Matteau (Healthy), Connor Kurth (Healthy)
Dyllan Gill (Healthy), Filip Král (Healthy), Jeremie Biakabutuka (Healthy), Joe Arntsen (Healthy), Noah Warren (Healthy)
Riley Hughes (Healthy), Jaxon Castor (Healthy), Jordan Papirny (Healthy) |
Wolf Pack
| 5 vs 5 Forward |
|---|
| Line # | Left Wing | Center | Right Wing | PHY | DF | OF | Wanted % | Time % | Time Play |
| 1 | Michael Pezzetta | Oskar Back | Carl Grundstrom | 1 | 2 | 2 | 40 | 35% | 18:11
|
| 2 | Ivan Miroshnichenko | Brian Pinho | Dalibor Dvorsky | 1 | 2 | 2 | 30 | 27% | 14:09
|
| 3 | William Stromgren | Logan Brown | Devin Kaplan | 1 | 2 | 2 | 20 | 22% | 11:24
|
| 4 | Reid Schaefer | Ryder Korczak | Taylor Ward | 1 | 2 | 2 | 10 | 16% | 8:07
|
| 5 vs 5 Defense |
|---|
| Line # | Defense | Defense | | PHY | DF | OF | Wanted % | Time % | Time Play |
| 1 | Zac Jones | Gustav Lindström | | 1 | 2 | 2 | 40 | 36% | 18:51
|
| 2 | Mark Friedman | Tobie Bisson | | 1 | 2 | 2 | 30 | 31% | 15:57
|
| 3 | Luke Rowe | Jack Millar | | 1 | 2 | 2 | 20 | 28% | 14:26
|
| 4 | Zac Jones | Gustav Lindström | | 1 | 2 | 2 | 10 | 5% | 2:37
|
| Power Play Forward |
|---|
| Line # | Left Wing | Center | Right Wing | PHY | DF | OF | Wanted % | Time % | Time Play |
| 1 | Michael Pezzetta | Oskar Back | Carl Grundstrom | 1 | 2 | 2 | 60 | 57% | 2:22
|
| 2 | Ivan Miroshnichenko | Brian Pinho | Dalibor Dvorsky | 1 | 2 | 2 | 40 | 43% | 1:49
|
| Power Play Defense |
|---|
| Line # | Defense | Defense | | PHY | DF | OF | Wanted % | Time % | Time Play |
| 1 | Zac Jones | Gustav Lindström | | 1 | 2 | 2 | 60 | 70% | 2:55
|
| 2 | Mark Friedman | Tobie Bisson | | 1 | 2 | 2 | 40 | 30% | 1:16
|
| Penalty Kill 4 Players Forward |
|---|
| Line # | Center | Wing | PHY | DF | OF | Wanted % | Time % | Time Play |
| 1 | Oskar Back | Michael Pezzetta | 1 | 2 | 2 | 60 | 71% | 2:49
|
| 2 | Brian Pinho | Ivan Miroshnichenko | 1 | 2 | 2 | 40 | 29% | 1:09
|
| Penalty Kill 4 Players Defense |
|---|
| Line # | Defense | Defense | PHY | DF | OF | Wanted % | Time % | Time Play |
| 1 | Zac Jones | Gustav Lindström | 1 | 2 | 2 | 60 | 59% | 2:21
|
| 2 | Mark Friedman | Tobie Bisson | 1 | 2 | 2 | 40 | 41% | 1:37
|
| Penalty Kill 3 Players |
|---|
| Line # | Wing | PHY | DF | OF | Wanted % | Time % | Time Play | Defense | Defense | PHY | DF | OF | Wanted % | Time % | Time Play |
| 1 | Oskar Back | 1 | 2 | 2 | 60 | 0% | 0:00
| Zac Jones | Gustav Lindström | 1 | 2 | 2 | 60 | 0% | 0:00
|
| 2 | Brian Pinho | 1 | 2 | 2 | 40 | 0% | 0:00
| Mark Friedman | Tobie Bisson | 1 | 2 | 2 | 40 | 0% | 0:00
|
| 4 vs 4 Forward |
|---|
| Line # | Center | Wing | PHY | DF | OF | Wanted % | Time % | Time Play |
| 1 | Oskar Back | Michael Pezzetta | 1 | 2 | 2 | 60 | 0% | 0:00
|
| 2 | Brian Pinho | Ivan Miroshnichenko | 1 | 2 | 2 | 40 | 0% | 0:00
|
| 4 vs 4 Defense |
|---|
| Line # | Defense | | PHY | DF | OF | Wanted % | Time % | Time Play |
| 1 | Zac Jones | Gustav Lindström | 1 | 2 | 2 | 60 | 0% | 0:00
|
| 2 | Mark Friedman | Tobie Bisson | 1 | 2 | 2 | 40 | 0% | 0:00
|
| Last Minutes Offensive |
|---|
| Left Wing | Center | Right Wing | Defense | Defense |
| Michael Pezzetta | Oskar Back | Carl Grundstrom | Zac Jones | Gustav Lindström |
| Last Minutes Defensive |
|---|
| Left Wing | Center | Right Wing | Defense | Defense |
| Michael Pezzetta | Oskar Back | Carl Grundstrom | Zac Jones | Gustav Lindström |
| Time |
|---|
| Total Forward | Total Defense | Last Minutes Offensive | Last Minutes Defensive |
| 60:00 |
60:00 |
0:00 | 0:00 |
| Extra Forwards |
|---|
| Normal | PowerPlay | Penalty Kill |
|
Brian Pinho, Devin Kaplan, Taylor Ward | Brian Pinho, Devin Kaplan | Brian Pinho |
| Extra Defensemen |
|---|
| Normal | PowerPlay | Penalty Kill |
|
Tobie Bisson, Luke Rowe, Jack Millar | Tobie Bisson, Tobie Bisson | Luke Rowe |
| Penalty Shots |
|---|
|
Carl Grundstrom, Michael Pezzetta, Oskar Back, Ivan Miroshnichenko, Brian Pinho |
| Goalie |
|---|
| Alex Lyon, Isaac Poulter |
| Scratches |
|---|
|
Matt Filipe (Healthy), Noah Laba (Healthy), Donovan Sebrango (Healthy), Daniil Chayka (Healthy), Lucas Edmonds (Healthy)
Michael Milne (Healthy), Oskar Olausson (Healthy), Raivis Ansons (Healthy) |
Play-by-Play
1st period
0:01 of 1st period - Dylan Roobroeck wins face-off versus Carl Grundstrom in neutral zone.
0:36 of 1st period - Backhand shot by Max McCormick.
0:36 of 1st period - Shot Misses the Net.
0:46 of 1st period - Djibril Touré is hit by Logan Brown and loses puck.
1:06 of 1st period - Gustav Lindström is hit by Dylan Roobroeck and loses puck.
1:20 of 1st period - Off-side.
1:21 of 1st period - Curtis Douglas wins face-off versus Oskar Back in neutral zone.
1:28 of 1st period - Backhand shot by Max McCormick.
1:28 of 1st period - Shot Misses the Net.
1:46 of 1st period - Ivan Miroshnichenko is hit by Lukas Rousek and loses puck.
2:13 of 1st period - Devin Kaplan is hit by Josh Prokop and loses puck.
2:38 of 1st period - Wrist shot by Carl Grundstrom.
2:38 of 1st period - Stopped by Felix Sandström without a rebound.
2:39 of 1st period - Dalibor Dvorsky wins face-off versus Jordan Martel in Phantoms zone.
3:22 of 1st period - Off-side.
3:23 of 1st period - Dylan Roobroeck wins face-off versus Ryder Korczak in neutral zone.
4:04 of 1st period - Wyatte Wylie is hit by Michael Pezzetta and loses puck.
4:16 of 1st period - Slapshot by Chase Wouters.
4:16 of 1st period - Stopped by Alex Lyon without a rebound.
4:17 of 1st period - Juha Jaaska wins face-off versus Brian Pinho in Wolf Pack zone.
4:24 of 1st period - Snap shot by Juha Jaaska.
4:24 of 1st period - Stopped by Alex Lyon without a rebound.
4:25 of 1st period - Juha Jaaska wins face-off versus Devin Kaplan in Wolf Pack zone.
4:28 of 1st period - Wrist shot by Juha Jaaska.
4:28 of 1st period - Shot Misses the Net.
4:33 of 1st period - Minor Penalty to Devin Kaplan for Tripping.
4:34 of 1st period - Oskar Back wins face-off versus Dylan Roobroeck in Wolf Pack zone.
6:33 of 1st period - Penalty to Devin Kaplan is over, Devin Kaplan is back on ice.
6:36 of 1st period - Slapshot by Mark Friedman.
6:36 of 1st period - Shot Misses the Net.
7:24 of 1st period - Icing by Zac Jones.
7:25 of 1st period - Chase Wouters wins face-off versus Ryder Korczak in Wolf Pack zone.
7:45 of 1st period - Devin Kaplan is hit by Curtis Douglas and loses puck.
7:58 of 1st period - Snap shot by Michael Pezzetta.
7:58 of 1st period - Shot Misses the Net.
8:34 of 1st period - Slapshot by Zac Jones.
8:34 of 1st period - Shot Blocked by Lukas Rousek.
8:37 of 1st period - Icing by Dylan Roobroeck.
8:38 of 1st period - Dylan Roobroeck wins face-off versus Oskar Back in Phantoms zone.
8:43 of 1st period - Wrist shot by Carl Grundstrom.
8:43 of 1st period - Shot Misses the Net.
8:45 of 1st period - Snap shot by Michael Pezzetta.
8:45 of 1st period - Shot Misses the Net.
8:47 of 1st period - Snap shot by Oskar Back.
8:47 of 1st period - Stopped by Felix Sandström with a rebound.
8:49 of 1st period - Snap shot by Oskar Back.
8:49 of 1st period - Shot Blocked by Lukas Rousek.
8:51 of 1st period - Slapshot by Michael Pezzetta.
8:51 of 1st period - Stopped by Felix Sandström with a rebound.
8:53 of 1st period - Slapshot by Mark Friedman.
8:53 of 1st period - Deflect By Michael Pezzetta.
8:53 of 1st period - Stopped by Felix Sandström without a rebound.
8:54 of 1st period - Brian Pinho wins face-off versus Curtis Douglas in Phantoms zone.
8:58 of 1st period - Icing by Jordan Martel.
8:59 of 1st period - Brian Pinho wins face-off versus Curtis Douglas in Phantoms zone.
9:06 of 1st period - Snap shot by Jordan Martel.
9:06 of 1st period - Stopped by Alex Lyon without a rebound.
9:07 of 1st period - Oskar Back wins face-off versus Dylan Roobroeck in Wolf Pack zone.
9:12 of 1st period - Lukas Rousek is hit by Oskar Back and loses puck.
9:40 of 1st period - Max McCormick is hit by Brian Pinho and loses puck.
10:05 of 1st period - Slapshot by Chase Wouters.
10:05 of 1st period - Shot Misses the Net.
10:19 of 1st period - Snap shot by Devin Kaplan.
10:19 of 1st period - Shot Misses the Net.
10:21 of 1st period - Slapshot by William Stromgren.
10:21 of 1st period - Stopped by Felix Sandström with a rebound.
10:23 of 1st period - Slapshot by Mark Friedman.
10:23 of 1st period - Shot Misses the Net.
10:25 of 1st period - Snap shot by William Stromgren.
10:25 of 1st period - Stopped by Felix Sandström with a rebound.
10:27 of 1st period - Snap shot by Mark Friedman.
10:27 of 1st period - Shot Blocked by Dylan Roobroeck.
10:41 of 1st period - Wrist shot by Curtis Douglas.
10:41 of 1st period - Stopped by Alex Lyon with a rebound.
10:43 of 1st period - Wrist shot by Curtis Douglas.
10:43 of 1st period - Stopped by Alex Lyon with a rebound.
10:45 of 1st period - Wrist shot by Max McCormick.
10:45 of 1st period - Shot Misses the Net.
10:47 of 1st period - Slapshot by Wyatte Wylie.
10:47 of 1st period - Shot Blocked by Zac Jones.
11:18 of 1st period - Chase Wouters is hit by Luke Rowe.
11:19 of 1st period - Icing by Chase Wouters.
11:20 of 1st period - Chase Wouters wins face-off versus Logan Brown in Phantoms zone.
11:29 of 1st period - Wrist shot by Cole Reinhardt.
11:29 of 1st period - Shot Misses the Net.
11:55 of 1st period - Slapshot by Lukas Rousek.
11:55 of 1st period - Stopped by Alex Lyon with a rebound.
12:38 of 1st period - Snap shot by William Stromgren.
12:38 of 1st period - Stopped by Felix Sandström with a rebound.
13:29 of 1st period - Wrist shot by Ivan Miroshnichenko.
13:29 of 1st period - Goal by Ivan Miroshnichenko - Phantoms : 0 - Wolf Pack : 1.
13:30 of 1st period - Dylan Roobroeck wins face-off versus Oskar Back in neutral zone.
13:56 of 1st period - Jordan Martel is hit by Brian Pinho and loses puck.
14:05 of 1st period - Snap shot by Ivan Miroshnichenko.
14:05 of 1st period - Shot Blocked by Seth Helgeson.
14:07 of 1st period - Snap shot by Brian Pinho.
14:07 of 1st period - Shot Misses the Net.
14:09 of 1st period - Wrist shot by Ivan Miroshnichenko.
14:09 of 1st period - Shot Misses the Net.
14:29 of 1st period - Taylor Ward is hit by Jordan Martel and loses puck.
14:44 of 1st period - Wrist shot by Devin Kaplan.
14:44 of 1st period - Shot Misses the Net.
14:46 of 1st period - Slapshot by Gustav Lindström.
14:46 of 1st period - Stopped by Felix Sandström with a rebound.
14:48 of 1st period - Snap shot by Gustav Lindström.
14:48 of 1st period - Deflect By Juha Jaaska.
14:48 of 1st period - Stopped by Felix Sandström without a rebound.
14:49 of 1st period - Dylan Roobroeck wins face-off versus Oskar Back in Phantoms zone.
15:00 of 1st period - Snap shot by Juha Jaaska.
15:00 of 1st period - Shot Blocked by Gustav Lindström.
15:02 of 1st period - Backhand shot by Lukas Rousek.
15:02 of 1st period - Deflect By Juha Jaaska.
15:02 of 1st period - Shot Blocked by Zac Jones.
15:02 of 1st period - Puck is out of play.
15:03 of 1st period - Oskar Back wins face-off versus Dylan Roobroeck in Wolf Pack zone.
15:03 of 1st period - Oskar Back is hit by Juha Jaaska.
15:35 of 1st period - Backhand shot by Chase Wouters.
15:35 of 1st period - Stopped by Alex Lyon without a rebound.
15:36 of 1st period - Curtis Douglas wins face-off versus Brian Pinho in Wolf Pack zone.
15:39 of 1st period - Snap shot by Max McCormick.
15:39 of 1st period - Shot Blocked by Mark Friedman.
15:41 of 1st period - Wrist shot by Max McCormick.
15:41 of 1st period - Stopped by Alex Lyon with a rebound.
16:11 of 1st period - Snap shot by Dylan Roobroeck.
16:11 of 1st period - Stopped by Alex Lyon with a rebound.
16:25 of 1st period - Wrist shot by Cole Reinhardt.
16:25 of 1st period - Stopped by Alex Lyon with a rebound.
16:37 of 1st period - Slapshot by Devin Kaplan.
16:37 of 1st period - Stopped by Felix Sandström with a rebound.
17:11 of 1st period - Wrist shot by Lukas Rousek.
17:11 of 1st period - Shot Blocked by Ivan Miroshnichenko.
17:13 of 1st period - Snap shot by Dylan Roobroeck.
17:13 of 1st period - Shot Misses the Net.
17:15 of 1st period - Snap shot by Lukas Rousek.
17:15 of 1st period - Stopped by Alex Lyon without a rebound.
17:16 of 1st period - Oskar Back wins face-off versus Dylan Roobroeck in Wolf Pack zone.
17:55 of 1st period - Mark Friedman is hit by Max McCormick and loses puck.
Goals for this period are 0 for Phantoms vs 1 for Wolf Pack.
Shots for this period are 11 for Phantoms vs 11 for Wolf Pack.
2nd period
0:01 of 2nd period - Oskar Back wins face-off versus Dylan Roobroeck in neutral zone.
0:14 of 2nd period - Wrist shot by Oskar Back.
0:14 of 2nd period - Shot Misses the Net.
0:16 of 2nd period - Slapshot by Zac Jones.
0:16 of 2nd period - Stopped by Felix Sandström with a rebound.
0:26 of 2nd period - Lukas Rousek is hit by Gustav Lindström and loses puck.
1:51 of 2nd period - Cole Reinhardt is hit by Mark Friedman and loses puck.
2:06 of 2nd period - Snap shot by Ivan Miroshnichenko.
2:06 of 2nd period - Shot Misses the Net.
2:08 of 2nd period - Slapshot by Gustav Lindström.
2:08 of 2nd period - Stopped by Felix Sandström with a rebound.
3:20 of 2nd period - Wrist shot by Zac Jones.
3:20 of 2nd period - Deflect By Ivan Miroshnichenko.
3:20 of 2nd period - Stopped by Felix Sandström without a rebound.
3:21 of 2nd period - Curtis Douglas wins face-off versus Brian Pinho in Phantoms zone.
3:42 of 2nd period - Slapshot by Carl Grundstrom.
3:42 of 2nd period - Shot Blocked by Josh Prokop.
3:44 of 2nd period - Slapshot by Oskar Back.
3:44 of 2nd period - Stopped by Felix Sandström with a rebound.
4:13 of 2nd period - Off-side.
4:14 of 2nd period - Brian Pinho wins face-off versus Curtis Douglas in neutral zone.
4:29 of 2nd period - Off-side.
4:30 of 2nd period - Dylan Roobroeck wins face-off versus Oskar Back in neutral zone.
4:33 of 2nd period - Slapshot by Juha Jaaska.
4:33 of 2nd period - Shot Misses the Net.
5:27 of 2nd period - Josh Prokop is hit by Tobie Bisson and loses puck.
5:43 of 2nd period - Minor Penalty to Juha Jaaska for Interference.
5:44 of 2nd period - Oskar Back wins face-off versus Dylan Roobroeck in Phantoms zone.
6:40 of 2nd period - Snap shot by Dalibor Dvorsky.
6:40 of 2nd period - Shot Blocked by Grant Hutton.
6:42 of 2nd period - Wrist shot by Dalibor Dvorsky.
6:42 of 2nd period - Shot Misses the Net.
6:44 of 2nd period - Snap shot by Zac Jones.
6:44 of 2nd period - Shot Blocked by Djibril Touré.
6:46 of 2nd period - Wrist shot by Brian Pinho.
6:46 of 2nd period - Stopped by Felix Sandström without a rebound.
6:47 of 2nd period - Dylan Roobroeck wins face-off versus Oskar Back in Phantoms zone.
7:43 of 2nd period - Penalty to Juha Jaaska is over, Juha Jaaska is back on ice.
8:05 of 2nd period - Devin Kaplan is hit by Juha Jaaska and loses puck.
10:38 of 2nd period - Wrist shot by Ryder Korczak.
10:38 of 2nd period - Stopped by Felix Sandström with a rebound.
10:50 of 2nd period - Snap shot by Zac Jones.
10:50 of 2nd period - Stopped by Felix Sandström with a rebound.
10:52 of 2nd period - Wrist shot by Devin Kaplan.
10:52 of 2nd period - Shot Misses the Net.
10:54 of 2nd period - Slapshot by Devin Kaplan.
10:54 of 2nd period - Stopped by Felix Sandström with a rebound.
10:56 of 2nd period - Wrist shot by Devin Kaplan.
10:56 of 2nd period - Shot Blocked by Steven Santini.
11:25 of 2nd period - Curtis Douglas is hit by Brian Pinho and loses puck.
11:46 of 2nd period - Dylan Roobroeck is hit by Taylor Ward and loses puck.
12:34 of 2nd period - Grant Hutton is hit by Devin Kaplan and loses puck.
13:19 of 2nd period - Wrist shot by Reid Schaefer.
13:19 of 2nd period - Deflect By Oskar Back.
13:19 of 2nd period - Stopped by Felix Sandström with a rebound.
13:21 of 2nd period - Wrist shot by Oskar Back.
13:21 of 2nd period - Stopped by Felix Sandström with a rebound.
13:23 of 2nd period - Snap shot by Carl Grundstrom.
13:23 of 2nd period - Stopped by Felix Sandström with a rebound.
13:25 of 2nd period - Slapshot by Luke Rowe.
13:25 of 2nd period - Deflect By Carl Grundstrom.
13:25 of 2nd period - Shot Misses the Net.
13:25 of 2nd period - Puck is out of play.
13:26 of 2nd period - Oskar Back wins face-off versus Chase Wouters in Phantoms zone.
13:29 of 2nd period - Snap shot by Michael Pezzetta.
13:29 of 2nd period - Shot Misses the Net.
13:47 of 2nd period - Minor Penalty to Grant Hutton for Tripping.
13:48 of 2nd period - Oskar Back wins face-off versus Juha Jaaska in Phantoms zone.
13:55 of 2nd period - Wrist shot by Carl Grundstrom.
13:55 of 2nd period - Stopped by Felix Sandström with a rebound.
13:59 of 2nd period - Wrist shot by Carl Grundstrom.
13:59 of 2nd period - Stopped by Felix Sandström without a rebound.
14:00 of 2nd period - Juha Jaaska wins face-off versus Oskar Back in Phantoms zone.
14:05 of 2nd period - Gustav Lindström is hit by Wyatte Wylie and loses puck.
14:35 of 2nd period - Snap shot by Brian Pinho.
14:35 of 2nd period - Stopped by Felix Sandström with a rebound.
15:47 of 2nd period - Penalty to Grant Hutton is over, Grant Hutton is back on ice.
15:56 of 2nd period - Off-side.
15:57 of 2nd period - Curtis Douglas wins face-off versus Logan Brown in neutral zone.
16:06 of 2nd period - Snap shot by Jordan Martel.
16:06 of 2nd period - Stopped by Alex Lyon with a rebound.
16:10 of 2nd period - Wrist shot by Max McCormick.
16:10 of 2nd period - Deflect By Jordan Martel.
16:10 of 2nd period - Stopped by Alex Lyon without a rebound.
16:11 of 2nd period - Brian Pinho wins face-off versus Dylan Roobroeck in Wolf Pack zone.
16:20 of 2nd period - Wrist shot by Dalibor Dvorsky.
16:20 of 2nd period - Shot Hit the Post.
17:00 of 2nd period - Wrist shot by Curtis Douglas.
17:00 of 2nd period - Shot Blocked by Oskar Back.
17:02 of 2nd period - Snap shot by Jordan Martel.
17:02 of 2nd period - Shot Blocked by Gustav Lindström.
17:04 of 2nd period - Wrist shot by Curtis Douglas.
17:04 of 2nd period - Stopped by Alex Lyon without a rebound.
17:05 of 2nd period - Brian Pinho wins face-off versus Dylan Roobroeck in Wolf Pack zone.
17:05 of 2nd period - Brian Pinho is hit by Dylan Roobroeck.
17:08 of 2nd period - Minor Penalty to Tobie Bisson for High sticking.
17:09 of 2nd period - Dylan Roobroeck wins face-off versus Oskar Back in Wolf Pack zone.
17:25 of 2nd period - Snap shot by Juha Jaaska.
17:25 of 2nd period - Stopped by Alex Lyon without a rebound.
17:26 of 2nd period - Oskar Back wins face-off versus Curtis Douglas in Wolf Pack zone.
17:35 of 2nd period - Zac Jones is hit by Curtis Douglas and loses puck.
18:12 of 2nd period - Snap shot by Curtis Douglas.
18:12 of 2nd period - Shot Misses the Net.
18:26 of 2nd period - Curtis Douglas is hit by Brian Pinho.
18:36 of 2nd period - Slapshot by Wyatte Wylie.
18:36 of 2nd period - Stopped by Alex Lyon without a rebound.
18:37 of 2nd period - Oskar Back wins face-off versus Dylan Roobroeck in Wolf Pack zone.
18:44 of 2nd period - Snap shot by Lukas Rousek.
18:44 of 2nd period - Shot Misses the Net.
18:46 of 2nd period - Snap shot by Lukas Rousek.
18:46 of 2nd period - Shot Blocked by Gustav Lindström.
18:48 of 2nd period - Snap shot by Lukas Rousek.
18:48 of 2nd period - Stopped by Alex Lyon with a rebound.
19:08 of 2nd period - Penalty to Tobie Bisson is over, Tobie Bisson is back on ice.
19:18 of 2nd period - Wrist shot by Cole Reinhardt.
19:18 of 2nd period - Stopped by Alex Lyon without a rebound.
19:19 of 2nd period - Chase Wouters wins face-off versus Brian Pinho in Wolf Pack zone.
19:26 of 2nd period - Snap shot by Chase Wouters.
19:26 of 2nd period - Stopped by Alex Lyon without a rebound.
19:27 of 2nd period - Dylan Roobroeck wins face-off versus Brian Pinho in Wolf Pack zone.
19:30 of 2nd period - Snap shot by Lukas Rousek.
19:30 of 2nd period - Deflect By Mark Friedman.
19:30 of 2nd period - Stopped by Alex Lyon with a rebound.
19:32 of 2nd period - Wrist shot by Lukas Rousek.
19:32 of 2nd period - Stopped by Alex Lyon with a rebound.
19:34 of 2nd period - Wrist shot by Dylan Roobroeck.
19:34 of 2nd period - Shot Misses the Net.
19:36 of 2nd period - Wrist shot by Lukas Rousek.
19:36 of 2nd period - Stopped by Alex Lyon without a rebound.
19:37 of 2nd period - Carl Grundstrom wins face-off versus Dylan Roobroeck in Wolf Pack zone.
19:47 of 2nd period - Gustav Lindström is hit by Lukas Rousek and loses puck.
Goals for this period are 0 for Phantoms vs 0 for Wolf Pack.
Shots for this period are 11 for Phantoms vs 14 for Wolf Pack.
3rd period
0:01 of 3rd period - Dylan Roobroeck wins face-off versus Carl Grundstrom in neutral zone.
0:08 of 3rd period - Wyatte Wylie is hit by Carl Grundstrom and loses puck.
0:25 of 3rd period - Ivan Miroshnichenko is hit by Max McCormick and loses puck.
0:36 of 3rd period - Slapshot by Max McCormick.
0:36 of 3rd period - Stopped by Alex Lyon without a rebound.
0:37 of 3rd period - Chase Wouters wins face-off versus Oskar Back in Wolf Pack zone.
0:42 of 3rd period - Snap shot by Chase Wouters.
0:42 of 3rd period - Stopped by Alex Lyon with a rebound.
0:44 of 3rd period - Slapshot by Djibril Touré.
0:44 of 3rd period - Shot Blocked by Michael Pezzetta.
0:52 of 3rd period - Snap shot by Cole Reinhardt.
0:52 of 3rd period - Deflect By Chase Wouters.
0:52 of 3rd period - Shot Misses the Net.
0:52 of 3rd period - Puck is out of play.
0:53 of 3rd period - Brian Pinho wins face-off versus Dylan Roobroeck in Wolf Pack zone.
0:53 of 3rd period - Brian Pinho is hit by Steven Santini.
0:59 of 3rd period - Slapshot by Dylan Roobroeck.
0:59 of 3rd period - Shot Misses the Net.
1:01 of 3rd period - Slapshot by Lukas Rousek.
1:01 of 3rd period - Shot Misses the Net.
1:03 of 3rd period - Snap shot by Juha Jaaska.
1:03 of 3rd period - Goal by Juha Jaaska - Phantoms : 1 - Wolf Pack : 1.
1:04 of 3rd period - Oskar Back wins face-off versus Dylan Roobroeck in neutral zone.
1:31 of 3rd period - Gustav Lindström is hit by Curtis Douglas and loses puck.
1:57 of 3rd period - Devin Kaplan is hit by Chase Wouters and loses puck.
2:02 of 3rd period - Wrist shot by Cole Reinhardt.
2:02 of 3rd period - Stopped by Alex Lyon with a rebound.
3:01 of 3rd period - Slapshot by Taylor Ward.
3:01 of 3rd period - Shot Blocked by Chase Wouters.
3:03 of 3rd period - Slapshot by Jack Millar.
3:03 of 3rd period - Shot Misses the Net.
3:05 of 3rd period - Slapshot by Luke Rowe.
3:05 of 3rd period - Stopped by Felix Sandström with a rebound.
3:07 of 3rd period - Slapshot by Luke Rowe.
3:07 of 3rd period - Stopped by Felix Sandström without a rebound.
3:08 of 3rd period - Oskar Back wins face-off versus Dylan Roobroeck in Phantoms zone.
3:15 of 3rd period - Snap shot by Carl Grundstrom.
3:15 of 3rd period - Stopped by Felix Sandström with a rebound.
3:17 of 3rd period - Snap shot by Michael Pezzetta.
3:17 of 3rd period - Goal by Michael Pezzetta - Phantoms : 1 - Wolf Pack : 2.
3:18 of 3rd period - Oskar Back wins face-off versus Dylan Roobroeck in neutral zone.
3:27 of 3rd period - Snap shot by Carl Grundstrom.
3:27 of 3rd period - Shot Misses the Net.
3:31 of 3rd period - Snap shot by Carl Grundstrom.
3:31 of 3rd period - Stopped by Felix Sandström without a rebound.
3:32 of 3rd period - Oskar Back wins face-off versus Dylan Roobroeck in Phantoms zone.
3:35 of 3rd period - Wrist shot by Oskar Back.
3:35 of 3rd period - Deflect By Carl Grundstrom.
3:35 of 3rd period - Shot Blocked by Wyatte Wylie.
3:35 of 3rd period - Puck is out of play.
3:36 of 3rd period - Oskar Back wins face-off versus Dylan Roobroeck in Phantoms zone.
3:40 of 3rd period - Minor Penalty to Juha Jaaska for Slashing.
3:41 of 3rd period - Oskar Back wins face-off versus Dylan Roobroeck in Phantoms zone.
3:51 of 3rd period - Snap shot by Oskar Back.
3:51 of 3rd period - Stopped by Felix Sandström with a rebound.
3:53 of 3rd period - Wrist shot by Michael Pezzetta.
3:53 of 3rd period - Goal by Michael Pezzetta - Phantoms : 1 - Wolf Pack : 3.
3:54 of 3rd period - Oskar Back wins face-off versus Dylan Roobroeck in neutral zone.
3:57 of 3rd period - Lukas Rousek is hit by Carl Grundstrom and loses puck.
4:06 of 3rd period - Wrist shot by Carl Grundstrom.
4:06 of 3rd period - Stopped by Felix Sandström with a rebound.
4:08 of 3rd period - Snap shot by Oskar Back.
4:08 of 3rd period - Shot Blocked by Wyatte Wylie.
4:10 of 3rd period - Snap shot by Michael Pezzetta.
4:10 of 3rd period - Stopped by Felix Sandström without a rebound.
4:11 of 3rd period - Curtis Douglas wins face-off versus Ivan Miroshnichenko in Phantoms zone.
5:20 of 3rd period - Icing by Wyatte Wylie.
5:21 of 3rd period - Curtis Douglas wins face-off versus Ryder Korczak in Phantoms zone.
6:04 of 3rd period - Dylan Roobroeck is hit by Tobie Bisson and loses puck.
6:15 of 3rd period - Snap shot by Cole Reinhardt.
6:15 of 3rd period - Shot Misses the Net.
6:44 of 3rd period - Snap shot by Jordan Martel.
6:44 of 3rd period - Shot Misses the Net.
7:07 of 3rd period - Josh Prokop is hit by Devin Kaplan and loses puck.
7:18 of 3rd period - Backhand shot by Devin Kaplan.
7:18 of 3rd period - Deflect By Logan Brown.
7:18 of 3rd period - Shot Misses the Net.
7:18 of 3rd period - Puck is out of play.
7:19 of 3rd period - Oskar Back wins face-off versus Dylan Roobroeck in Phantoms zone.
8:11 of 3rd period - Snap shot by Ryder Korczak.
8:11 of 3rd period - Shot Misses the Net.
8:13 of 3rd period - Slapshot by Mark Friedman.
8:13 of 3rd period - Shot Blocked by Djibril Touré.
8:15 of 3rd period - Slapshot by Mark Friedman.
8:15 of 3rd period - Stopped by Felix Sandström with a rebound.
8:17 of 3rd period - Snap shot by Tobie Bisson.
8:17 of 3rd period - Stopped by Felix Sandström without a rebound.
8:18 of 3rd period - Oskar Back wins face-off versus Dylan Roobroeck in Phantoms zone.
8:19 of 3rd period - Snap shot by Carl Grundstrom.
8:19 of 3rd period - Stopped by Felix Sandström without a rebound.
8:20 of 3rd period - Oskar Back wins face-off versus Dylan Roobroeck in Phantoms zone.
9:09 of 3rd period - Devin Kaplan is hit by Curtis Douglas and loses puck.
10:01 of 3rd period - Slapshot by Zac Jones.
10:01 of 3rd period - Deflect By Dalibor Dvorsky.
10:01 of 3rd period - Goal by Dalibor Dvorsky - Phantoms : 1 - Wolf Pack : 4.
10:02 of 3rd period - Oskar Back wins face-off versus Dylan Roobroeck in neutral zone.
10:02 of 3rd period - Michael Pezzetta is hit by Steven Santini and loses puck.
10:09 of 3rd period - Snap shot by Juha Jaaska.
10:09 of 3rd period - Goal by Juha Jaaska - Phantoms : 2 - Wolf Pack : 4.
10:10 of 3rd period - Oskar Back wins face-off versus Dylan Roobroeck in neutral zone.
10:10 of 3rd period - Oskar Back is hit by Juha Jaaska.
10:18 of 3rd period - Wrist shot by Oskar Back.
10:18 of 3rd period - Stopped by Felix Sandström with a rebound.
10:25 of 3rd period - Wyatte Wylie is hit by Gustav Lindström.
11:26 of 3rd period - Seth Helgeson is hit by Reid Schaefer.
12:12 of 3rd period - Slapshot by Mark Friedman.
12:12 of 3rd period - Shot Misses the Net.
12:56 of 3rd period - Max McCormick is hit by William Stromgren and loses puck.
14:09 of 3rd period - Off-side.
14:10 of 3rd period - Chase Wouters wins face-off versus Reid Schaefer in neutral zone.
14:17 of 3rd period - Wrist shot by Cole Reinhardt.
14:17 of 3rd period - Deflect By Chase Wouters.
14:17 of 3rd period - Shot Misses the Net.
14:17 of 3rd period - Puck is out of play.
14:18 of 3rd period - Oskar Back wins face-off versus Chase Wouters in Wolf Pack zone.
14:18 of 3rd period - Oskar Back is hit by Djibril Touré.
14:28 of 3rd period - Oskar Back is hit by Djibril Touré and loses puck.
14:39 of 3rd period - Slapshot by Chase Wouters.
14:39 of 3rd period - Shot Blocked by Gustav Lindström.
14:41 of 3rd period - Slapshot by Josh Prokop.
14:41 of 3rd period - Stopped by Alex Lyon without a rebound.
14:42 of 3rd period - Dylan Roobroeck wins face-off versus Brian Pinho in Wolf Pack zone.
14:45 of 3rd period - Wrist shot by Juha Jaaska.
14:45 of 3rd period - Shot Misses the Net.
15:07 of 3rd period - Logan Brown is hit by Curtis Douglas and loses puck.
15:14 of 3rd period - Snap shot by Max McCormick.
15:14 of 3rd period - Shot Misses the Net.
15:16 of 3rd period - Slapshot by Wyatte Wylie.
15:16 of 3rd period - Deflect By Curtis Douglas.
15:16 of 3rd period - Shot Misses the Net.
15:16 of 3rd period - Puck is out of play.
15:17 of 3rd period - Oskar Back wins face-off versus Juha Jaaska in Wolf Pack zone.
15:44 of 3rd period - Slapshot by Chase Wouters.
15:44 of 3rd period - Stopped by Alex Lyon with a rebound.
16:06 of 3rd period - Dalibor Dvorsky is hit by Jordan Martel and loses puck.
Goals for this period are 2 for Phantoms vs 3 for Wolf Pack.
Shots for this period are 7 for Phantoms vs 14 for Wolf Pack.